 Dungeon Crawl Stone Soup version 0.29-a0-380-gf50f0a9fbc (webtiles) character file.

Game seed: 17286416870962531214

567 loir the Magician (level 7, -2/52 HPs)
             Began as a Djinni Conjurer on May 5, 2022.
             Slain by a necrophage (3 damage)
             ... on level 6 of the Dungeon.
             The game lasted 00:25:08 (3991 turns).

loir the Magician (Djinni Conjurer)                 Turns: 3991, Time: 00:25:08

Health: -2/52      AC:  6    Str:  6    XL:     7   Next: 59%
Gold:   242        EV: 12    Int: 21    God:
                   SH:  0    Dex: 18

rFire   + + .      SeeInvis .   b - +2 dagger (venom)
rCold   x . .      Faith    .   (no shield)
rNeg    . . .      Spirit   .   g - +3 leather armour
rPois   ∞          Reflect  .   (no helmet)
rElec   .          Harm     .   (no cloak)
rCorr   .          Rampage  .   (no gloves)
Will    .....                   (boots unavailable)
Stlth   ++........              q - amulet of regeneration
HPRegen 0.97/turn               h - +6 ring of dexterity
MPRegen 0.00/turn               (no ring)

@: on berserk cooldown, attractive, flying, slowed, very slow
A: sickness immunity, fire resistance 2, cold vulnerability 1, float, innate
caster, HP casting, extra vitality 1
a: no special abilities


You were on level 6 of the Dungeon.
You visited 1 branch of the dungeon, and saw 6 of its levels.

You collected 242 gold pieces.

Inventory:

Hand Weapons
 b - a +2 dagger of venom (weapon)
 i - a +4 dagger
 r - a +2 short sword of draining
Missiles
 c - 89 stones
 e - 4 silver boomerangs
 n - 6 poisoned darts
 p - 3 boomerangs of dispersal
 s - 3 boomerangs
Armour
 a - a +1 robe
 g - a +3 leather armour (worn)
Jewellery
 h - a +6 ring of dexterity (left hand)
 q - an amulet of regeneration (around neck)
Wands
 o - a wand of acid (8)
Potions
 d - 3 potions of brilliance
 f - a potion of ambrosia
 j - a potion of might {unknown}
 l - 2 potions of curing
 t - a potion of lignification {unknown}


   Skills:
 + Level 4.1 Fighting
 - Level 2.1 Dodging
 - Level 1.5 Stealth
 * Level 5.8 Spellcasting


You couldn't memorise any spells.
You knew the following spells:

 Your Spells              Type           Power      Damage    Failure   Level
a - Magic Dart            Conj           100%       1d8       1%          1
b - Searing Ray           Conj           60%        2d6       2%          2
c - Dazzling Flash        Conj/Hex       60%        N/A       4%          3
d - Fulminant Prism       Conj/Hex       15%        3d11      14%         4
e - Iskenderun's Mystic   Conj/Tloc      30%        2d8       14%         4
f - Sandblast             Erth           60%        2d14      1%          1
g - Poisonous Vapours     Pois/Air       60%        N/A       2%          2
h - Stone Arrow           Conj/Erth      60%        3d10      4%          3
Your spell library was empty.

Dungeon Overview and Level Annotations

Branches:
Dungeon (6/15)
 Temple: D:4-7

Altars:
Ashenzari

Annotations:
D:4 turdburglar's ghost, novice GrFi


Innate Abilities, Weirdness & Mutations

You are immune to sickness and miasma.
You are immune to poison.
Your flesh is very heat resistant. (rF++)
You are vulnerable to cold. (rC-)
You float through the air rather than walking.
You learn spells naturally, not from books.
Your magical power is your life essence.
You have superior vitality. (+4 MHP)


Message History

* * * LOW HITPOINT WARNING * * *
Without enough magic to sustain it, your searing ray dissipates.
The necrophage hits you but does no damage.
You aren't carrying any scrolls.
It was a potion of berserk rage.
A red film seems to cover your vision as you go berserk!
You feel yourself moving faster!
You feel mighty! The necrophage hits you.
* * * LOW HITPOINT WARNING * * *
Unknown command.
You feel a strong urge to attack something.
You feel your anger nearly subside.
You are no longer berserk.
You are exhausted.
You feel yourself slow down.
The necrophage attacks as you move away!
The necrophage barely misses you. The necrophage misses you.
The necrophage attacks as you move away!
The necrophage barely misses you. The necrophage closely misses you.
The necrophage attacks as you move away!
The necrophage completely misses you.
The necrophage attacks as you move away!
The necrophage misses you. The necrophage hits you.
* * * LOW HITPOINT WARNING * * *
Casting: Searing Ray (safe; 2% risk of failure)
Confirm with . or Enter, or press ? or * to list all spells.
Aiming: Searing Ray (safe; 2% risk of failure)
Press: ? - help, Shift-Dir - straight line, f/p - necrophage
Aim: a necrophage (moderately damaged, 79% to hit)
The searing ray hits the necrophage!
The necrophage is severely damaged. (Press . to maintain the ray.)
* * * LOW HITPOINT WARNING * * *
The necrophage hits you.
* * * LOW HITPOINT WARNING * * *
It was a potion of attraction.
You feel attractive to monsters. The necrophage hits you.
* * * LOW HITPOINT WARNING * * *
The necrophage hits you.
You die...

......##
....... ...
...... ..
.....# ..
#....# .
#####.##.#.#
#..##)##.#.#
#......n@..#
#..##.##<#...+
#..##.####+###
#[.†........
#####.......
........
........
........
.....##


You could see a necrophage.

Vanquished Creatures
  A water moccasin (D:5)
  An ogre (D:5)
  A phantom (D:6)
  2 jellies (D:4)
  An orc priest (D:4)
  A hound (D:5)
  An iguana (D:4)
  A gnoll (D:1)
  5 adders
  A shadow imp (D:3)
  An ufetubus (D:6)
  2 worms (D:2)
  2 dart slugs
  9 orcs
  7 bats
  4 endoplasms
  5 giant cockroaches
  3 goblins
  2 hobgoblins (D:1)
  3 jackals (D:2)
  2 quokkas (D:3)
  6 ball pythons
  4 frilled lizards
  7 kobolds
  5 rats
77 creatures vanquished.

Vanquished Creatures (others)
  A fungus (D:2)
  2 plants (D:2)
3 creatures vanquished.

Grand Total: 80 creatures vanquished

Notes
Turn   | Place    | Note
-------+----------+-------------------------------------------
     0 | D:1      | loir the Djinni Conjurer began the quest for the Orb.
     0 | D:1      | Reached XP level 1. HP: 15/15 MP: 0/0
   187 | D:1      | Reached XP level 2. HP: 21/22 MP: 0/0
   534 | D:1      | Reached skill level 1 in Fighting
   994 | D:1      | Reached XP level 3. HP: 15/27 MP: 0/0
   994 | D:1      | Learned a level 1 spell: Sandblast
  1710 | D:2      | Reached XP level 4. HP: 24/32 MP: 0/0
  1867 | D:2      | Reached skill level 4 in Spellcasting
  1999 | D:2      | Found a faded altar of an unknown god.
  2856 | D:3      | Reached XP level 5. HP: 34/38 MP: 0/0
  2856 | D:3      | Learned a level 2 spell: Poisonous Vapours
  3193 | D:3      | Found a runed translucent gate.
  3193 | D:3      | Found a runed translucent gate.
  3194 | D:3      | Found a runed translucent gate.
  3194 | D:3      | Noticed turdburglar's ghost (novice GrFi)
  3471 | D:4      | Reached XP level 6. HP: 43/45 MP: 0/0
  3544 | D:4      | Reached skill level 5 in Spellcasting
  3614 | D:4      | Found a broken altar of Ashenzari.
  3860 | D:5      | Entered Level 5 of the Dungeon
  3860 | D:5      | Noticed a water moccasin
  3868 | D:5      | Killed a water moccasin
  3869 | D:5      | Reached XP level 7. HP: 28/50 MP: 0/0
  3869 | D:5      | Learned a level 3 spell: Stone Arrow
  3978 | D:6      | HP: 1/52 [necrophage (5)]
  3991 | D:6      | HP: 1/52 [necrophage (3)]
  3991 | D:6      | Slain by a necrophage

Illustrated notes

Levels and vault maps discovered:
D:1:      sevenhm_arrival_forest_fort_large_4, layout_basic
D:2:      layout_loops_cross, shapermc_ecumenical_altar_mp_ritualfount,
          corexii_corridor_pit
D:3:      kennysheep_big_flooded_room, layout_basic, ebering_ghost_rock_garden
D:4:      layout_cave_pools, evilmike_ruin_ashenzari
D:5:      layout_cave_pools, mainiacjoe_overflow_24_doors, st_stairs_5,
          grunt_decor_arrowhead
D:6:      layout_basic, demons_altar, serial_shops, shop,
          hellmonk_bongcloud_opening

Skill      XL: |  1  2  3  4  5  6  7 |
---------------+----------------------+-----
Fighting       | 1 2 3 4 |  4.1
Spellcasting   | 4 5 |  5.8
Dodging        | |  2.1
Stealth        | |  1.5

Action                   |  1- 3 |  4- 6 |  7- 9 || total
-------------------------+-------+-------+-------++-------
 Cast: Magic Dart        |    50 |    78 |     3 ||   131
       Searing Ray       |     2 |    22 |     9 ||    33
       Poisonous Vapours |       |     3 |       ||     3
       Dazzling Flash    |       |     1 |     1 ||     2
       Sandblast         |       |     1 |       ||     1
  Use: Scroll            |     4 |     8 |       ||    12
       Potion            |       |       |     2 ||     2
Armor: Robe              |     1 |     4 |       ||     5
       Leather armour    |       |       |    12 ||    12
Dodge: Dodged            |     3 |    22 |    32 ||    57

Table legend: (Time is in decaauts)
 A = Elapsed time spent in this place.
 B = Non-inter-level travel time spent in this place.
 C = Inter-level travel time spent in this place.
 D = Time resting spent in this place.
 E = Time spent auto-exploring this place.
 F = Levels seen in this place.
 G = Mean time per level.
                   A        B        C        D        E       F      G
               +--------+--------+--------+--------+--------+-----+--------+
         Total |   3991 |   3867 |    124 |     70 |   3285 |   6 |  665.2 |
       Dungeon |   3991 |   3867 |    124 |     70 |   3285 |   6 |  665.2 |
               +--------+--------+--------+--------+--------+-----+--------+

Top non-repeatable levels by time:
     D:1: 1279 daAuts
     D:3: 1074 daAuts
     D:2: 978 daAuts
     D:4: 527 daAuts
     D:5: 95 daAuts
     D:6: 36 daAuts
